 Seeded DCSS version 0.29.1-2-gbd0b4ee654 (webtiles) character file.

Game seed: 1 (custom seed)

627 Kazon the Slasher (level 7, -8/54 HPs)
             Began as a Mummy Berserker on Oct 26, 2022.
             Was a Priest of Trog.
             Mangled by Menkaure (18 damage)
             ... on level 5 of the Dungeon on Oct 27, 2022.
             The game lasted 00:17:14 (3199 turns).

Kazon the Slasher (Mummy Berserker)                 Turns: 3199, Time: 00:17:15

Health: -8/54      AC:  7    Str: 20    XL:     7   Next: 23%
Magic:  7/7        EV: 12    Int:  9    God:    Trog [***...]
Gold:   152        SH:  3    Dex: 11    Spells: 6/6 levels left

rFire   x . .      SeeInvis .   s - +3 falchion of Winter {venom, rCorr}
rCold   + . .      Faith    .   c - +0 buckler
rNeg    + + +      Spirit   .   b - +0 animal skin
rPois   ∞          Reflect  .   g - +0 helmet
rElec   .          Harm     .   (no cloak)
rCorr   +          Rampage  ∞   (no gloves)
Will    ++...                   r - +3 pair of seven-league boots {Rampage+∞}
Stlth   ++........              d - amulet of the acrobat
HPRegen 1.18/turn               (no ring)
MPRegen 0.10/turn               (no ring)

@: strong-willed (expiring), regenerating (expiring)
A: cold resistance 1, negative energy resistance 3, torment resistance 2, heat
vulnerability 1, in touch with death 1, no potions
a: Renounce Religion, Trog's Hand


You were on level 5 of the Dungeon.
You worshipped Trog.
Trog was most pleased with you.
You visited 1 branch of the dungeon, and saw 5 of its levels.

You collected 336 gold pieces.
You spent 184 gold pieces at shops.

Inventory:

Hand Weapons
 a - a +1 long sword of protection
 e - a +2 dagger of venom
 s - the +3 falchion of Winter (weapon) {venom, rCorr}
   (You bought it in a shop on level 3 of the Dungeon)

   It poisons the flesh of those it strikes.
   rCorr:     It protects you from acid and corrosion.
Missiles
 f - 12 stones (quivered)
 j - a throwing net
 l - 5 boomerangs
Armour
 b - a +0 animal skin (worn)
 c - a +0 buckler (worn)
 g - a +0 helmet (worn)
 r - the +3 pair of seven-league boots (worn) {Rampage+∞}
   (You acquired it on level 1 of the Dungeon)

   Its wearer moves as far as possible in that direction when moving towards
   enemies.
Jewellery
 d - an amulet of the acrobat (around neck)
Wands
 q - a wand of mindburst (20)
Scrolls
 h - a scroll of immolation
 i - 3 scrolls of identify
 k - a scroll of fog
 m - a scroll of teleportation
 n - a scroll of magic mapping
 p - a scroll of poison


   Skills:
 + Level 4.2 Fighting
 + Level 2.5(3.7) Short Blades
 + Level 4.2(4.6) Long Blades
 + Level 1.9 Throwing
 + Level 1.6 Armour
 + Level 2.9 Dodging
 + Level 1.2 Stealth
 * Level 0.9 Evocations


You had 6 spell levels left.
You didn't know any spells.
Your spell library was empty.

Dungeon Overview and Level Annotations

Branches:
Dungeon (5/15)
 Temple: D:4-7

Altars:
Hepliaklqana

Shops:
D:3 (

Annotations:
D:5 Menkaure


Innate Abilities, Weirdness & Mutations

You are immune to poison.
Your flesh is cold resistant. (rC+)
You are immune to negative energy. (rN+++)
You are immune to unholy pain and torment.
You are vulnerable to heat. (rF-)
You are in touch with the powers of death.
You do not drink.


Message History

The scorpion barely misses you.
The scorpion stings you but does no damage.
You closely miss the scorpion.
The scorpion is heavily wounded.
The scorpion misses you.
You closely miss the scorpion.
The scorpion is almost dead.
You kill the scorpion!
Trog accepts your kill.
Your skin crawls.
You feel strong-willed.
You hit Menkaure.
Menkaure is lightly damaged.
Menkaure hits you but does no damage. Menkaure hits you!
You hit Menkaure but do no damage.
Menkaure is lightly damaged.
Menkaure hits you!
You slash Menkaure!
Menkaure is moderately damaged.
Menkaure hits you!
* * * LOW HITPOINT WARNING * * *
You hit Menkaure.
Menkaure is heavily damaged.
Menkaure completely misses you. Menkaure closely misses you.
You hit Menkaure but do no damage.
Menkaure is heavily damaged.
You block Menkaure's attack.
You slash Menkaure!
Menkaure is almost destroyed.
Menkaure blazes with dark energy!
You block Menkaure's attack. Menkaure misses you.
You barely miss Menkaure.
Menkaure is almost destroyed.
You feel the effects of Trog's Hand fading.
Menkaure hits you.
* * * LOW HITPOINT WARNING * * *
You barely miss Menkaure.
Menkaure is almost destroyed.
Menkaure hits you!!
You die...

..########..##
.## ##..## .
## ##..# .. #
#..## ##...
##..## ##.....
##..##.......
##......#
#....###
#.@.## #.M.#
#....# #
......# ##
#......# .####
.......# ....#
........#
##.....
###.......
##...


You could see Menkaure (fast).

Vanquished Creatures
  A sky beast (D:5)
  4 scorpions
  A hound (D:4)
  An orc priest (D:3)
  An iguana (D:4)
  Robin (D:3)
  6 gnolls
  6 adders
  An ufetubus (D:5)
  3 worms
  5 orcs
  11 endoplasms
  A giant cockroach (D:1)
  16 goblins
  9 hobgoblins
  A jackal (D:4)
  4 kobolds
  A quokka (D:1)
  5 ball pythons
  4 bats
  3 frilled lizards
  6 rats
91 creatures vanquished.

Notes
Turn   | Place    | Note
-------+----------+-------------------------------------------
     0 | D:1      | Kazon the Mummy Berserker began the quest for the Orb.
     0 | D:1      | Reached XP level 1. HP: 18/18 MP: 1/1
    32 | D:1      | Identified a scroll of acquirement
    32 | D:1      | Acquired the +3 pair of seven-league boots {Rampage+∞}
    32 | D:1      | Found the +3 pair of seven-league boots {Rampage+∞}
   160 | D:1      | Reached XP level 2. HP: 21/24 MP: 2/2
   820 | D:2      | Reached ** piety under Trog
   821 | D:2      | Gained mutation: You are in touch with the powers of death.
                  | [Mummy growth]
   821 | D:2      | Reached XP level 3. HP: 28/29 MP: 3/3
  1152 | D:2      | Reached XP level 4. HP: 8/35 MP: 4/4
  1481 | D:3      | Found Umat's Antique Weapon Boutique.
  1518 | D:3      | Bought a crude falchion for 184 gold pieces
  1518 | D:3      | Identified the +3 falchion of Winter {venom, rCorr} (You
                  | bought it in a shop on level 3 of the Dungeon)
  1888 | D:3      | Reached XP level 5. HP: 41/41 MP: 5/5
  1920 | D:3      | Noticed Robin
  1935 | D:3      | Reached skill level 1 in Throwing
  1941 | D:3      | Killed Robin
  1942 | D:3      | Reached skill level 1 in Short Blades
  2403 | D:4      | Reached XP level 6. HP: 48/48 MP: 6/6
  2645 | D:4      | Reached *** piety under Trog
  2810 | D:4      | Reached skill level 1 in Stealth
  2911 | D:4      | Found a hazy altar of Hepliaklqana.
  3071 | D:5      | Entered Level 5 of the Dungeon
  3100 | D:5      | Noticed a sky beast
  3114 | D:5      | Killed a sky beast
  3115 | D:5      | Reached XP level 7. HP: 23/54 MP: 7/7
  3186 | D:5      | Noticed Menkaure
  3199 | D:5      | Mangled by Menkaure

Illustrated notes

Levels and vault maps discovered:
D:1:      dpeg_arrival_three_smaller_balls, layout_basic
D:2:      layout_loops_ring
D:3:      layout_basic, serial_shops, nicolae_shop_stone, st_stairs_9,
          minmay_misc_feat_doors, eino_curves_03, uniq_robin
D:4:      minmay_wonky_spiral, layout_basic,
          mainiacjoe_overflow_surrounded_room, minivault_5
D:5:      layout_cave_pods, uniq_menkaure, uniq_eustachio

Skill      XL: |  1  2  3  4  5  6 |
---------------+-------------------+-----
Dodging        | 2 |  2.9
Long Blades    | 3 4 |  4.2
Throwing       | 1 |  1.9
Short Blades   | 1 2 |  2.5
Stealth        | 1 |  1.2
Fighting       | 4 |  4.2
Armour         | |  1.6
Evocations     | |  0.9

Action                   |  1- 3 |  4- 6 |  7- 9 || total
-------------------------+-------+-------+-------++-------
Melee: Falchion          |   114 |    74 |    13 ||   201
       Punch             |     2 |     3 |       ||     5
       Dagger            |    14 |    76 |       ||    90
Throw: Stone             |     1 |    28 |       ||    29
Invok: Trog's Hand       |       |       |     1 ||     1
  Use: Scroll            |     1 |       |     6 ||     7
 Stab: Sleeping          |       |     1 |       ||     1
Armor: Animal skin       |    47 |    42 |     3 ||    92
Dodge: Dodged            |    98 |    70 |     5 ||   173
Block: Buckler           |       |       |     2 ||     2
